Princes vs National

Created - 1 mai 2013 at 23:29

Goals
1 2 3 T
Princes 3 2 2 7
National 2 1 0 3
Shots
1 2 3 T
Princes 14 12 15 41
National 11 13 7 31

1st period

1. Princes , Michael Nylander 43 (Patric Hornqvist) at 8:03
2. Princes , Nate Prosser 7 (Mason Raymond, Boyd Gordon) at 9:39
3. National , Jonathan Cheechoo 41 (Pasi Salonen) at 11:51
4. Princes , Brian McGrattan 33 (Boyd Gordon) at 15:32
5. National , Jonathan Cheechoo 42 (Igor Makarov, Ben Maxwell) at 18:44

Penalties :
No Penalty

2nd period

6. Princes , Mason Raymond 39 (Boyd Gordon, Brian McGrattan) at 6:28
7. National , Pasi Salonen 18 (Jonathan Cheechoo, William Colbert) at 7:23 (PP)
8. Princes , Brian McGrattan 34 (Boyd Gordon, John Madden) at 15:48

Penalties :
Patric Hornqvist (Cal) for Hooking (Minor) at 6:55, Jonathan Cheechoo (Que) for High sticking (Minor) at 7:37, Mason Raymond (Cal) for Holding (Minor) at 16:11

3rd period

9. Princes , Patric Hornqvist 50 (Ryan Hollweg, Kevin Shattenkirk) at 14:16
10. Princes , Mason Raymond 40 (Boyd Gordon) at 18:10

Penalties :
Mathieu Carle (Que) for Slashing (Minor) at 4:04

Goalie Stats

Jonathan Bernier (Cal), 28 saves from 31 shots - (0,903), W, 29-13-6, 60:00 minutes
Jeff Frazee (Que), 14 saves from 18 shots - (0,778), L, 6-11-2, 26:28 minutes
Steve Shields (Que), 20 saves from 23 shots - (0,870), 33:32 minutes

Players Stats for Princes

Player Name              G  A  P  +/- PIM S  H  SB GA TA FO     MP     PP MP  PK MP  
------------------------------------------------------------------------------------
Alexander Korolyuk       0  0  0   0  0   0  0  0  0  0  0/0     2:16   1:42   0:28 
Boyd Gordon              0  5  5   3  0   1  2  0  1  0  10/19  17:51   1:42   0:14 
Brian McGrattan          2  1  3   3  0   4  4  0  0  0  0/3    16:39   0:07   0:33 
Jason Strudwick          0  0  0   1  0   2  2  1  0  0  0/0    22:58   0:00   1:46 
John Madden              0  1  1   0  0   2  2  0  0  1  3/4    12:40   0:00   0:18 
Jonathan Tremblay        0  0  0   0  0   4  1  0  0  0  0/0     9:07   0:00   0:00 
Kevin Shattenkirk        0  1  1   2  0   2  1  0  1  0  0/0    18:58   2:28   0:00 
Mason Raymond            2  1  3   3  2   3  0  0  0  0  0/1    17:36   1:42   0:00 
Michael Haley            0  0  0   0  0   2  4  0  0  0  0/0     9:07   0:00   0:00 
Michael Nylander         1  0  1   2  0   4  4  0  2  1  15/28  19:48   2:09   1:40 
Nate Prosser             1  0  1   2  0   2  1  3  0  1  0/0    23:17   2:28   0:00 
Noah Welch               0  0  0   1  0   3  1  0  0  0  0/0    13:27   1:30   0:41 
P.J. Axelsson            0  0  0   0  0   3  2  0  0  1  0/0    14:24   0:07   1:41 
Patric Hornqvist         1  1  2   2  2   2  3  1  1  0  1/1    18:07   2:09   0:00 
Rhett Warrener           0  0  0   1  0   0  0  0  0  0  0/0     5:43   0:00   0:41 
Ryan Hollweg             0  1  1   2  0   4  2  0  1  1  0/0    17:52   1:53   0:00 
Sean Zimmerman           0  0  0   2  0   1  1  0  1  0  0/0    24:21   1:30   1:46 
T.J. Oshie               0  0  0   0  0   0  0  0  1  0  0/1    12:57   0:23   0:00 
Theo Peckham             0  0  0   1  0   1  1  0  0  0  0/0    11:16   0:00   0:00 
Tyler Brenner            0  0  0   0  0   1  0  0  0  0  1/2     9:07   0:00   0:00 

Players Stats for National

Player Name              G  A  P  +/- PIM S  H  SB GA TA FO     MP     PP MP  PK MP  
------------------------------------------------------------------------------------
Alex Grant               0  0  0  -1  0   0  0  0  0  0  0/0     7:24   0:00   0:00 
Ben Maxwell              0  1  1  -1  0   2  3  0  0  0  6/8    14:41   0:00   0:29 
Cédric Lalonde-McNicoll  0  0  0  -4  0   2  0  1  0  0  2/13   16:41   0:56   0:00 
Daniel Rahimi            0  0  0  -1  0   1  1  0  0  1  0/0    12:47   0:00   1:15 
Dustin Kohn              0  0  0  -3  0   0  1  2  1  0  0/0    17:26   0:38   1:33 
Erik Gustafsson          0  0  0  -1  0   0  1  0  0  1  0/0    11:32   0:00   0:00 
Guillaume Desbiens       0  0  0  -4  0   5  4  0  2  0  0/2    18:29   0:56   1:28 
Igor Makarov             0  1  1  -1  0   1  1  0  1  0  0/1    13:51   0:00   0:00 
James Marcou             0  0  0  -1  0   0  0  0  0  0  0/1     7:32   0:00   0:00 
Jarod Palmer             0  0  0   1  0   2  0  0  0  1  15/25  18:27   1:31   0:00 
Jonathan Cheechoo        2  1  3   1  2   9  0  0  0  0  2/2    19:41   1:31   0:43 
Maksim Mayorov           0  0  0  -1  0   0  0  0  0  0  0/0    13:21   0:00   0:31 
Mathieu Carle            0  0  0   0  2   1  0  1  0  0  0/0    22:22   1:49   1:10 
Pasi Salonen             1  1  2   0  0   6  1  0  0  1  1/3    24:16   1:31   1:59 
Philip DeSimone          0  0  0  -1  0   0  0  0  0  0  1/2     9:55   0:00   0:47 
Rico Fata                0  0  0  -4  0   0  0  0  0  1  2/2    19:07   0:56   1:59 
Ty Wishart               0  0  0  -3  0   0  0  0  0  2  0/0    17:26   0:38   1:33 
William Colbert          0  1  1   0  0   2  2  1  0  1  0/0    23:38   1:49   2:25 
Yuri Alexandrov          0  0  0  -1  0   0  0  0  1  0  0/0     7:24   0:00   0:00 

3 Stars

1 - Brian McGrattan (Cal)
2 - Boyd Gordon (Cal)
3 - Mason Raymond (Cal)

Power Play

Princes - 0 on 2 Attempt(s) - 0,00%
National - 1 on 2 Attempt(s) - 50,00%

Penalty Kill

Princes - 1 on 2 Attempt(s) - 50,00% - Score 0 goal in Penalty Kill
National - 2 on 2 Attempt(s) - 100,00% - Score 0 goal in Penalty Kill

Official

Referees : Lee Chris and McCauley Wes
Linesman : Brian Mach and Steve Barton

Game Notes

Steve Shields enters game at 6:28 of 2nd period

Princes

5 vs 5 Forward 
   Center                   Left Wing                Right Wing               Time % Phy DF OF 
 1 Boyd Gordon              Mason Raymond            Brian McGrattan          35     1   2  2  
 2 Michael Nylander         Ryan Hollweg             Patric Hornqvist         35     1   1  3  
 3 John Madden              P.J. Axelsson            T.J. Oshie               25     1   2  2  
 4 Tyler Brenner            Michael Haley            Jonathan Tremblay        5      2   1  2  

5 vs 5 Defense 
   Defense                  Defense                                           Time % Phy DF OF 
 1 Nate Prosser             Sean Zimmerman                                    40     1   2  2  
 2 Jason Strudwick          Kevin Shattenkirk                                 30     1   2  2  
 3 Noah Welch               Theo Peckham                                      20     1   2  2  
 4 Jason Strudwick          Rhett Warrener                                    10     1   2  2  

PowerPlay Forward 
   Center                   Left Wing                Right Wing               Time % Phy DF OF 
 1 Michael Nylander         Ryan Hollweg             Patric Hornqvist         60     0   1  4  
 2 Boyd Gordon              Mason Raymond            Alexander Korolyuk       40     0   1  4  

PowerPlay Defense
   Defense                  Defense                                           Time % Phy DF OF 
 1 Kevin Shattenkirk        Nate Prosser                                      60     0   2  3  
 2 Noah Welch               Sean Zimmerman                                    40     0   2  3  

Penalty Kill 4 Players Forward 
   Center                   Wing                     Time % Phy DF OF 
 1 Michael Nylander         P.J. Axelsson            60     1   3  1  
 2 John Madden              Brian McGrattan          40     1   3  1  

Penalty Kill 4 Players Defense
   Defense                  Defense                  Time % Phy DF OF 
 1 Jason Strudwick          Sean Zimmerman           60     1   3  1  
 2 Rhett Warrener           Noah Welch               40     1   3  1  

Penalty Kill - 3 Players Forward 
   Forward                                           Time % Phy DF OF 
 1 P.J. Axelsson                                     60     1   2  2  
 2 Michael Nylander                                  40     1   2  2  

Penalty Kill - 3 Players Defense
   Defense                  Defense                  Time % Phy DF OF 
 1 Jason Strudwick          Sean Zimmerman           60     1   2  2  
 2 Rhett Warrener           Noah Welch               40     1   2  2  

4 vs 4 Forward 
   Center                   Wing                     Time % Phy DF OF 
 1 Michael Nylander         Patric Hornqvist         60     1   2  2  
 2 T.J. Oshie               Ryan Hollweg             40     1   2  2  

4 vs 4 Defense
   Defense                  Defense                  Time % Phy DF OF 
 1 Nate Prosser             Sean Zimmerman           60     1   2  2  
 2 Noah Welch               Kevin Shattenkirk        40     1   2  2  

Last Minutes Offensive
   Center                   Left Wing                Right Wing               Defense                  Defense                  
   Michael Nylander         Ryan Hollweg             Patric Hornqvist         Kevin Shattenkirk        Nate Prosser             

Last Minutes Defensive
   Center                   Left Wing                Right Wing               Defense                  Defense                  
   Michael Nylander         P.J. Axelsson            Brian McGrattan          Jason Strudwick          Sean Zimmerman           

Goaltenders
Starting : Jonathan Bernier         
Backup : Manny Legace             

Extra Forwards
Normal : Alexander Korolyuk, T.J. Oshie, Mason Raymond - PP : Alexander Korolyuk, T.J. Oshie - PK : Brian McGrattan
Extra Defensemen
Normal : Nate Prosser, Rhett Warrener, Sean Zimmerman - PP : Rhett Warrener - PK : Noah Welch, Nate Prosser
Penalty Shots
Ryan Hollweg, Michael Nylander, Brian McGrattan, Patric Hornqvist, Alexander Korolyuk

National

5 vs 5 Forward 
   Center                   Left Wing                Right Wing               Time % Phy DF OF 
 1 Jarod Palmer             Pasi Salonen             Jonathan Cheechoo        40     1   2  2  
 2 Cédric Lalonde-McNicoll  Rico Fata                Guillaume Desbiens       30     1   2  2  
 3 Ben Maxwell              Maksim Mayorov           Igor Makarov             20     1   2  2  
 4 Philip DeSimone          Pasi Salonen             James Marcou             10     1   2  2  

5 vs 5 Defense 
   Defense                  Defense                                           Time % Phy DF OF 
 1 William Colbert          Mathieu Carle                                     40     1   2  2  
 2 Dustin Kohn              Ty Wishart                                        30     1   2  2  
 3 Erik Gustafsson          Daniel Rahimi                                     20     1   2  2  
 4 Yuri Alexandrov          Alex Grant                                        10     1   2  2  

PowerPlay Forward 
   Center                   Left Wing                Right Wing               Time % Phy DF OF 
 1 Jarod Palmer             Pasi Salonen             Jonathan Cheechoo        60     1   2  2  
 2 Cédric Lalonde-McNicoll  Rico Fata                Guillaume Desbiens       40     1   2  2  

PowerPlay Defense
   Defense                  Defense                                           Time % Phy DF OF 
 1 William Colbert          Mathieu Carle                                     60     1   2  2  
 2 Dustin Kohn              Ty Wishart                                        40     1   2  2  

Penalty Kill 4 Players Forward 
   Center                   Wing                     Time % Phy DF OF 
 1 Pasi Salonen             Rico Fata                60     1   2  2  
 2 Jonathan Cheechoo        Guillaume Desbiens       40     1   2  2  

Penalty Kill 4 Players Defense
   Defense                  Defense                  Time % Phy DF OF 
 1 William Colbert          Mathieu Carle            60     1   2  2  
 2 Dustin Kohn              Ty Wishart               40     1   2  2  

Penalty Kill - 3 Players Forward 
   Forward                                           Time % Phy DF OF 
 1 Pasi Salonen                                      60     1   2  2  
 2 Rico Fata                                         40     1   2  2  

Penalty Kill - 3 Players Defense
   Defense                  Defense                  Time % Phy DF OF 
 1 William Colbert          Mathieu Carle            60     1   2  2  
 2 Dustin Kohn              Ty Wishart               40     1   2  2  

4 vs 4 Forward 
   Center                   Wing                     Time % Phy DF OF 
 1 Pasi Salonen             Rico Fata                60     1   2  2  
 2 Jonathan Cheechoo        Guillaume Desbiens       40     1   2  2  

4 vs 4 Defense
   Defense                  Defense                  Time % Phy DF OF 
 1 William Colbert          Mathieu Carle            60     1   2  2  
 2 Dustin Kohn              Ty Wishart               40     1   2  2  

Last Minutes Offensive
   Center                   Left Wing                Right Wing               Defense                  Defense                  
   Jarod Palmer             Pasi Salonen             Jonathan Cheechoo        William Colbert          Mathieu Carle            

Last Minutes Defensive
   Center                   Left Wing                Right Wing               Defense                  Defense                  
   Jarod Palmer             Pasi Salonen             Jonathan Cheechoo        William Colbert          Mathieu Carle            

Goaltenders
Starting : Jeff Frazee              
Backup : Steve Shields            

Extra Forwards
Normal : Igor Makarov, Ben Maxwell, Philip DeSimone - PP : Igor Makarov, Ben Maxwell - PK : Philip DeSimone
Extra Defensemen
Normal : Erik Gustafsson, Daniel Rahimi, Yuri Alexandrov - PP : Erik Gustafsson - PK : Daniel Rahimi, Yuri Alexandrov
Penalty Shots
Pasi Salonen, Rico Fata, Jonathan Cheechoo, Guillaume Desbiens, Igor Makarov

% Time on Ice - Princes

Lines # - Real PCT - Wanted PCT - Time Play
Normal Forward
1 - 30% - 35% - 16:01
2 - 30% - 35% - 16:05
3 - 23% - 25% - 12:22
4 - 17% - 5% - 9:07
Normal Defense
1 - 39% - 40% - 20:56
2 - 31% - 30% - 16:21
3 - 21% - 20% - 11:16
4 - 9% - 10% - 5:02
PP Forward
1 - 57% - 60% - 2:16
2 - 43% - 40% - 1:42
PP Defense
1 - 62% - 60% - 2:28
2 - 38% - 40% - 1:30
PK Forward
1 - 88% - 60% - 2:09
2 - 12% - 40% - 0:18
PK Defense
1 - 72% - 60% - 1:46
2 - 28% - 40% - 0:41
PK3 Forward
1 - 0% - 60%
2 - 0% - 40%
PK3 Defense
1 - 0% - 60%
2 - 0% - 40%
44 Forward
1 - 0% - 60%
2 - 0% - 40%
44 Defense
1 - 0% - 60%
2 - 0% - 40%
Last Minute Offensive  - 0:00
Last Minute Defensive  - 0:00
Total
Forward - 60:00
Defense - 60:00

% Time on Ice - National

Lines # - Real PCT - Wanted PCT - Time Play
Normal Forward
1 - 32% - 40% - 16:56
2 - 30% - 30% - 16:17
3 - 24% - 20% - 12:50
4 - 14% - 10% - 7:32
Normal Defense
1 - 36% - 40% - 19:24
2 - 28% - 30% - 15:15
3 - 22% - 20% - 11:32
4 - 14% - 10% - 7:24
PP Forward
1 - 62% - 60% - 1:31
2 - 38% - 40% - 0:56
PP Defense
1 - 74% - 60% - 1:49
2 - 26% - 40% - 0:38
PK Forward
1 - 63% - 60% - 2:30
2 - 37% - 40% - 1:28
PK Defense
1 - 61% - 60% - 2:25
2 - 39% - 40% - 1:33
PK3 Forward
1 - 0% - 60%
2 - 0% - 40%
PK3 Defense
1 - 0% - 60%
2 - 0% - 40%
44 Forward
1 - 0% - 60%
2 - 0% - 40%
44 Defense
1 - 0% - 60%
2 - 0% - 40%
Last Minute Offensive  - 0:00
Last Minute Defensive  - 0:00
Total
Forward - 60:00
Defense - 60:00

Play by Play

1st period


0:01 of 1st period - Jarod Palmer wins face-off versus Brian McGrattan in neutral zone.
0:04 of 1st period - Sean Zimmerman is hit by Pasi Salonen.
1:12 of 1st period - Pasi Salonen is hit by Theo Peckham and loses puck.
1:47 of 1st period - Guillaume Desbiens is hit by Patric Hornqvist and loses puck.
2:03 of 1st period - Noah Welch is hit by Daniel Rahimi.
2:07 of 1st period - Noah Welch is hit by Ben Maxwell and loses puck.
3:18 of 1st period - William Colbert is hit by Brian McGrattan and loses puck.
3:33 of 1st period - Wrist shot by Guillaume Desbiens.
3:33 of 1st period - Shot Misses the Net.
3:35 of 1st period - Slapshot by Mathieu Carle.
3:35 of 1st period - Shot Misses the Net.
3:37 of 1st period - Slapshot by Mathieu Carle.
3:37 of 1st period - Shot Blocked by Nate Prosser.
3:39 of 1st period - Slapshot by William Colbert.
3:39 of 1st period - Shot Misses the Net.
4:13 of 1st period - Jason Strudwick is hit by Erik Gustafsson and loses puck.
4:49 of 1st period - Snap shot by P.J. Axelsson.
4:49 of 1st period - Shot Misses the Net.
4:51 of 1st period - Snap shot by P.J. Axelsson.
4:51 of 1st period - Shot Misses the Net.
4:53 of 1st period - Snap shot by Jason Strudwick.
4:53 of 1st period - Stopped by Jeff Frazee with a rebound.
4:55 of 1st period - Snap shot by John Madden.
4:55 of 1st period - Stopped by Jeff Frazee with a rebound.
5:02 of 1st period - Icing by Alex Grant.
5:03 of 1st period - Ben Maxwell wins face-off versus Michael Nylander in National zone.
5:08 of 1st period - Wrist shot by Guillaume Desbiens.
5:08 of 1st period - Stopped by Jonathan Bernier with a rebound.
5:16 of 1st period - Snap shot by Ryan Hollweg.
5:16 of 1st period - Stopped by Jeff Frazee with a rebound.
5:27 of 1st period - Icing by Jason Strudwick.
5:28 of 1st period - Jarod Palmer wins face-off versus Michael Nylander in Princes zone.
5:41 of 1st period - Slapshot by Pasi Salonen.
5:41 of 1st period - Stopped by Jonathan Bernier with a rebound.
5:43 of 1st period - Snap shot by Jonathan Cheechoo.
5:43 of 1st period - Shot Blocked by Jason Strudwick.
6:44 of 1st period - Wrist shot by Jonathan Tremblay.
6:44 of 1st period - Shot Blocked by Mathieu Carle.
6:46 of 1st period - Snap shot by Tyler Brenner.
6:46 of 1st period - Stopped by Jeff Frazee with a rebound.
6:58 of 1st period - Snap shot by Brian McGrattan.
6:58 of 1st period - Stopped by Jeff Frazee with a rebound.
7:28 of 1st period - Off-side.
7:29 of 1st period - Rico Fata wins face-off versus Michael Nylander in neutral zone.
7:46 of 1st period - Rico Fata is hit by Noah Welch and loses puck.
7:51 of 1st period - Snap shot by Patric Hornqvist.
7:51 of 1st period - Shot Blocked by Dustin Kohn.
8:03 of 1st period - Snap shot by Michael Nylander.
8:03 of 1st period - Goal by Michael Nylander - Princes : 1 - National : 0.
8:04 of 1st period - Jarod Palmer wins face-off versus Boyd Gordon in neutral zone.
8:18 of 1st period - Snap shot by Brian McGrattan.
8:18 of 1st period - Shot Misses the Net.
8:59 of 1st period - Snap shot by Rico Fata.
8:59 of 1st period - Shot Misses the Net.
9:35 of 1st period - Wrist shot by Boyd Gordon.
9:35 of 1st period - Deflect By Brian McGrattan.
9:35 of 1st period - Shot Misses the Net.
9:35 of 1st period - Puck is out of play.
9:36 of 1st period - Boyd Gordon wins face-off versus Cédric Lalonde-McNicoll in National zone.
9:37 of 1st period - Snap shot by Mason Raymond.
9:37 of 1st period - Stopped by Jeff Frazee with a rebound.
9:39 of 1st period - Backhand shot by Nate Prosser.
9:39 of 1st period - Goal by Nate Prosser - Princes : 2 - National : 0.
9:40 of 1st period - Jarod Palmer wins face-off versus Boyd Gordon in neutral zone.
9:43 of 1st period - Snap shot by Jonathan Cheechoo.
9:43 of 1st period - Stopped by Jonathan Bernier without a rebound.
9:44 of 1st period - Jarod Palmer wins face-off versus Brian McGrattan in Princes zone.
9:49 of 1st period - Wrist shot by Jonathan Cheechoo.
9:49 of 1st period - Shot Misses the Net.
9:59 of 1st period - Snap shot by Brian McGrattan.
9:59 of 1st period - Deflect By Boyd Gordon.
9:59 of 1st period - Deflect By Dustin Kohn.
9:59 of 1st period - Shot Misses the Net.
9:59 of 1st period - Puck is out of play.
10:00 of 1st period - Michael Nylander wins face-off versus Guillaume Desbiens in National zone.
10:09 of 1st period - Wrist shot by Guillaume Desbiens.
10:09 of 1st period - Shot Misses the Net.
10:15 of 1st period - William Colbert is hit by Sean Zimmerman and loses puck.
11:09 of 1st period - Wrist shot by Jonathan Tremblay.
11:09 of 1st period - Shot Hit the Post.
11:35 of 1st period - Slapshot by Guillaume Desbiens.
11:35 of 1st period - Stopped by Jonathan Bernier with a rebound.
11:51 of 1st period - Slapshot by Jonathan Cheechoo.
11:51 of 1st period - Goal by Jonathan Cheechoo - Princes : 2 - National : 1.
11:52 of 1st period - Boyd Gordon wins face-off versus Jarod Palmer in neutral zone.
12:03 of 1st period - Slapshot by Boyd Gordon.
12:03 of 1st period - Stopped by Jeff Frazee with a rebound.
12:05 of 1st period - Slapshot by Nate Prosser.
12:05 of 1st period - Stopped by Jeff Frazee without a rebound.
12:06 of 1st period - Ben Maxwell wins face-off versus Michael Nylander in National zone.
12:17 of 1st period - Wrist shot by Ryan Hollweg.
12:17 of 1st period - Stopped by Jeff Frazee without a rebound.
12:18 of 1st period - Jarod Palmer wins face-off versus Boyd Gordon in National zone.
12:27 of 1st period - Ty Wishart is hit by Brian McGrattan and loses puck.
12:44 of 1st period - Sean Zimmerman is hit by Dustin Kohn.
12:45 of 1st period - Icing by Sean Zimmerman.
12:46 of 1st period - Michael Nylander wins face-off versus Cédric Lalonde-McNicoll in Princes zone.
12:56 of 1st period - Icing by William Colbert.
12:57 of 1st period - John Madden wins face-off versus Cédric Lalonde-McNicoll in National zone.
14:29 of 1st period - Slapshot by Nate Prosser.
14:29 of 1st period - Shot Misses the Net.
14:42 of 1st period - Icing by Nate Prosser.
14:43 of 1st period - Ben Maxwell wins face-off versus Tyler Brenner in Princes zone.
14:56 of 1st period - Wrist shot by Jonathan Tremblay.
14:56 of 1st period - Stopped by Jeff Frazee with a rebound.
15:10 of 1st period - Yuri Alexandrov is hit by Ryan Hollweg.
15:32 of 1st period - Wrist shot by Brian McGrattan.
15:32 of 1st period - Goal by Brian McGrattan - Princes : 3 - National : 1.
15:33 of 1st period - Michael Nylander wins face-off versus Jarod Palmer in neutral zone.
15:58 of 1st period - T.J. Oshie is hit by Guillaume Desbiens.
16:04 of 1st period - Snap shot by Guillaume Desbiens.
16:04 of 1st period - Stopped by Jonathan Bernier with a rebound.
16:06 of 1st period - Snap shot by Cédric Lalonde-McNicoll.
16:06 of 1st period - Stopped by Jonathan Bernier with a rebound.
16:20 of 1st period - Icing by Kevin Shattenkirk.
16:21 of 1st period - Ben Maxwell wins face-off versus John Madden in Princes zone.
16:24 of 1st period - Snap shot by Igor Makarov.
16:24 of 1st period - Stopped by Jonathan Bernier with a rebound.
16:26 of 1st period - Snap shot by Ben Maxwell.
16:26 of 1st period - Stopped by Jonathan Bernier without a rebound.
16:27 of 1st period - Jarod Palmer wins face-off versus Boyd Gordon in Princes zone.
16:49 of 1st period - Icing by Brian McGrattan.
16:50 of 1st period - Michael Nylander wins face-off versus Guillaume Desbiens in Princes zone.
16:56 of 1st period - Off-side.
16:57 of 1st period - Michael Nylander wins face-off versus Jarod Palmer in neutral zone.
17:02 of 1st period - Jonathan Cheechoo is hit by Michael Nylander and loses puck.
17:46 of 1st period - Slapshot by John Madden.
17:46 of 1st period - Shot Misses the Net.
18:12 of 1st period - Slapshot by William Colbert.
18:12 of 1st period - Stopped by Jonathan Bernier with a rebound.
18:28 of 1st period - Snap shot by Patric Hornqvist.
18:28 of 1st period - Shot Misses the Net.
18:30 of 1st period - Wrist shot by Michael Nylander.
18:30 of 1st period - Stopped by Jeff Frazee with a rebound.
18:32 of 1st period - Slapshot by Nate Prosser.
18:32 of 1st period - Shot Misses the Net.
18:44 of 1st period - Snap shot by Jonathan Cheechoo.
18:44 of 1st period - Goal by Jonathan Cheechoo - Princes : 3 - National : 2.
18:45 of 1st period - Jarod Palmer wins face-off versus Boyd Gordon in neutral zone.
18:48 of 1st period - Snap shot by Pasi Salonen.
18:48 of 1st period - Deflect By Jonathan Cheechoo.
18:48 of 1st period - Shot Misses the Net.
18:48 of 1st period - Puck is out of play.
18:49 of 1st period - Boyd Gordon wins face-off versus Jarod Palmer in Princes zone.
18:49 of 1st period - Boyd Gordon is hit by William Colbert.
19:54 of 1st period - Icing by P.J. Axelsson.
19:55 of 1st period - John Madden wins face-off versus James Marcou in Princes zone.

2nd period


0:01 of 2nd period - Boyd Gordon wins face-off versus Jarod Palmer in neutral zone.
0:04 of 2nd period - Snap shot by Mason Raymond.
0:04 of 2nd period - Shot Misses the Net.
0:51 of 2nd period - Wrist shot by P.J. Axelsson.
0:51 of 2nd period - Shot Blocked by Dustin Kohn.
0:57 of 2nd period - Snap shot by Igor Makarov.
0:57 of 2nd period - Shot Hit the Post.
1:09 of 2nd period - William Colbert is hit by Michael Haley and loses puck.
1:34 of 2nd period - Pasi Salonen is hit by Boyd Gordon and loses puck.
1:47 of 2nd period - Patric Hornqvist is hit by Guillaume Desbiens and loses puck.
2:14 of 2nd period - Wrist shot by P.J. Axelsson.
2:14 of 2nd period - Stopped by Jeff Frazee with a rebound.
2:16 of 2nd period - Slapshot by Noah Welch.
2:16 of 2nd period - Stopped by Jeff Frazee with a rebound.
2:59 of 2nd period - Philip DeSimone is hit by Michael Haley and loses puck.
3:28 of 2nd period - Jarod Palmer is hit by Jason Strudwick and loses puck.
4:02 of 2nd period - Slapshot by Jonathan Tremblay.
4:02 of 2nd period - Stopped by Jeff Frazee with a rebound.
4:35 of 2nd period - Ben Maxwell is hit by John Madden and loses puck.
4:50 of 2nd period - Guillaume Desbiens is hit by Patric Hornqvist and loses puck.
5:05 of 2nd period - Jonathan Cheechoo is hit by Brian McGrattan and loses puck.
5:28 of 2nd period - Snap shot by Ben Maxwell.
5:28 of 2nd period - Stopped by Jonathan Bernier with a rebound.
5:54 of 2nd period - Jonathan Cheechoo is hit by P.J. Axelsson and loses puck.
6:21 of 2nd period - Maksim Mayorov is hit by Kevin Shattenkirk and loses puck.
6:28 of 2nd period - Snap shot by Mason Raymond.
6:28 of 2nd period - Goal by Mason Raymond - Princes : 4 - National : 2.
6:28 of 2nd period - Steve Shields enters game.
6:29 of 2nd period - Jarod Palmer wins face-off versus Mason Raymond in neutral zone.
6:42 of 2nd period - Wrist shot by Jonathan Cheechoo.
6:42 of 2nd period - Stopped by Jonathan Bernier with a rebound.
6:44 of 2nd period - Snap shot by Jonathan Cheechoo.
6:44 of 2nd period - Stopped by Jonathan Bernier without a rebound.
6:45 of 2nd period - Michael Nylander wins face-off versus Cédric Lalonde-McNicoll in Princes zone.
6:55 of 2nd period - Minor Penalty to Patric Hornqvist for Hooking.
6:56 of 2nd period - Jarod Palmer wins face-off versus Michael Nylander in Princes zone.
6:57 of 2nd period - Snap shot by Pasi Salonen.
6:57 of 2nd period - Shot Misses the Net.
7:05 of 2nd period - Slapshot by Jonathan Cheechoo.
7:05 of 2nd period - Stopped by Jonathan Bernier with a rebound.
7:07 of 2nd period - Slapshot by Jarod Palmer.
7:07 of 2nd period - Stopped by Jonathan Bernier without a rebound.
7:08 of 2nd period - Jarod Palmer wins face-off versus Michael Nylander in Princes zone.
7:19 of 2nd period - Snap shot by Jonathan Cheechoo.
7:19 of 2nd period - Stopped by Jonathan Bernier with a rebound.
7:21 of 2nd period - Snap shot by Jonathan Cheechoo.
7:21 of 2nd period - Shot Misses the Net.
7:23 of 2nd period - Slapshot by Pasi Salonen.
7:23 of 2nd period - Goal by Pasi Salonen - Princes : 4 - National : 3.
7:24 of 2nd period - Patric Hornqvist wins face-off versus Jarod Palmer in neutral zone.
7:37 of 2nd period - Minor Penalty to Jonathan Cheechoo for High sticking.
7:38 of 2nd period - Michael Nylander wins face-off versus Pasi Salonen in National zone.
9:37 of 2nd period - Penalty to Jonathan Cheechoo is over, Jonathan Cheechoo is back on ice.
10:08 of 2nd period - Slapshot by Jonathan Cheechoo.
10:08 of 2nd period - Stopped by Jonathan Bernier without a rebound.
10:09 of 2nd period - Philip DeSimone wins face-off versus T.J. Oshie in Princes zone.
10:14 of 2nd period - Snap shot by Pasi Salonen.
10:14 of 2nd period - Stopped by Jonathan Bernier with a rebound.
10:16 of 2nd period - Snap shot by Pasi Salonen.
10:16 of 2nd period - Shot Blocked by Nate Prosser.
11:02 of 2nd period - Backhand shot by Jonathan Tremblay.
11:02 of 2nd period - Stopped by Steve Shields with a rebound.
11:33 of 2nd period - Wrist shot by John Madden.
11:33 of 2nd period - Shot Misses the Net.
11:35 of 2nd period - Wrist shot by P.J. Axelsson.
11:35 of 2nd period - Stopped by Steve Shields with a rebound.
11:37 of 2nd period - Slapshot by Noah Welch.
11:37 of 2nd period - Stopped by Steve Shields with a rebound.
11:39 of 2nd period - Slapshot by Theo Peckham.
11:39 of 2nd period - Deflect By Dustin Kohn.
11:39 of 2nd period - Stopped by Steve Shields without a rebound.
11:40 of 2nd period - Jarod Palmer wins face-off versus Michael Nylander in National zone.
12:05 of 2nd period - Snap shot by P.J. Axelsson.
12:05 of 2nd period - Stopped by Steve Shields with a rebound.
12:53 of 2nd period - Slapshot by Patric Hornqvist.
12:53 of 2nd period - Stopped by Steve Shields without a rebound.
12:54 of 2nd period - Ben Maxwell wins face-off versus Michael Nylander in National zone.
13:29 of 2nd period - Slapshot by Brian McGrattan.
13:29 of 2nd period - Stopped by Steve Shields without a rebound.
13:30 of 2nd period - John Madden wins face-off versus Cédric Lalonde-McNicoll in National zone.
13:41 of 2nd period - Snap shot by Rico Fata.
13:41 of 2nd period - Shot Misses the Net.
13:43 of 2nd period - Wrist shot by Cédric Lalonde-McNicoll.
13:43 of 2nd period - Stopped by Jonathan Bernier without a rebound.
13:44 of 2nd period - Boyd Gordon wins face-off versus Ben Maxwell in Princes zone.
14:32 of 2nd period - Snap shot by Guillaume Desbiens.
14:32 of 2nd period - Stopped by Jonathan Bernier without a rebound.
14:33 of 2nd period - Boyd Gordon wins face-off versus Cédric Lalonde-McNicoll in Princes zone.
15:48 of 2nd period - Snap shot by Brian McGrattan.
15:48 of 2nd period - Goal by Brian McGrattan - Princes : 5 - National : 3.
15:49 of 2nd period - Michael Nylander wins face-off versus Jarod Palmer in neutral zone.
16:11 of 2nd period - Minor Penalty to Mason Raymond for Holding.
16:12 of 2nd period - Jonathan Cheechoo wins face-off versus Michael Nylander in Princes zone.
16:13 of 2nd period - Wrist shot by Pasi Salonen.
16:13 of 2nd period - Stopped by Jonathan Bernier without a rebound.
16:14 of 2nd period - Michael Nylander wins face-off versus Pasi Salonen in Princes zone.
16:46 of 2nd period - Off-side.
16:47 of 2nd period - Jarod Palmer wins face-off versus Michael Nylander in neutral zone.
17:14 of 2nd period - Rico Fata is hit by John Madden.
18:11 of 2nd period - Penalty to Mason Raymond is over, Mason Raymond is back on ice.
18:43 of 2nd period - Pasi Salonen is hit by Brian McGrattan and loses puck.
19:08 of 2nd period - T.J. Oshie is hit by Ben Maxwell and loses puck.
19:27 of 2nd period - Jonathan Cheechoo is hit by Jonathan Tremblay and loses puck.
19:38 of 2nd period - Pasi Salonen is hit by Nate Prosser and loses puck.
19:53 of 2nd period - Snap shot by Jonathan Cheechoo.
19:53 of 2nd period - Shot Misses the Net.
19:55 of 2nd period - Slapshot by William Colbert.
19:55 of 2nd period - Stopped by Jonathan Bernier without a rebound.
19:56 of 2nd period - Rico Fata wins face-off versus Brian McGrattan in Princes zone.

3rd period


0:01 of 3rd period - Jarod Palmer wins face-off versus Boyd Gordon in neutral zone.
0:06 of 3rd period - Slapshot by Mathieu Carle.
0:06 of 3rd period - Deflect By Boyd Gordon.
0:06 of 3rd period - Stopped by Jonathan Bernier with a rebound.
0:26 of 3rd period - Cédric Lalonde-McNicoll is hit by Michael Nylander and loses puck.
0:39 of 3rd period - Mathieu Carle is hit by Michael Nylander and loses puck.
0:54 of 3rd period - T.J. Oshie is hit by Ben Maxwell and loses puck.
1:55 of 3rd period - Wrist shot by Patric Hornqvist.
1:55 of 3rd period - Deflect By Ryan Hollweg.
1:55 of 3rd period - Stopped by Steve Shields without a rebound.
1:56 of 3rd period - Michael Nylander wins face-off versus Cédric Lalonde-McNicoll in National zone.
2:00 of 3rd period - Icing by Daniel Rahimi.
2:01 of 3rd period - Boyd Gordon wins face-off versus Cédric Lalonde-McNicoll in National zone.
2:02 of 3rd period - Slapshot by Kevin Shattenkirk.
2:02 of 3rd period - Stopped by Steve Shields without a rebound.
2:03 of 3rd period - Cédric Lalonde-McNicoll wins face-off versus Boyd Gordon in National zone.
2:28 of 3rd period - Snap shot by Pasi Salonen.
2:28 of 3rd period - Shot Misses the Net.
2:36 of 3rd period - Slapshot by Jonathan Cheechoo.
2:36 of 3rd period - Shot Misses the Net.
2:38 of 3rd period - Wrist shot by Jonathan Cheechoo.
2:38 of 3rd period - Shot Blocked by Patric Hornqvist.
2:40 of 3rd period - Wrist shot by Daniel Rahimi.
2:40 of 3rd period - Stopped by Jonathan Bernier with a rebound.
3:14 of 3rd period - Wrist shot by Jonathan Tremblay.
3:14 of 3rd period - Stopped by Steve Shields without a rebound.
3:15 of 3rd period - Tyler Brenner wins face-off versus Cédric Lalonde-McNicoll in National zone.
3:30 of 3rd period - Cédric Lalonde-McNicoll is hit by Michael Haley and loses puck.
3:40 of 3rd period - Icing by Dustin Kohn.
3:41 of 3rd period - Boyd Gordon wins face-off versus Cédric Lalonde-McNicoll in National zone.
3:47 of 3rd period - Icing by Guillaume Desbiens.
3:48 of 3rd period - Cédric Lalonde-McNicoll wins face-off versus Boyd Gordon in National zone.
4:03 of 3rd period - Snap shot by Guillaume Desbiens.
4:03 of 3rd period - Stopped by Jonathan Bernier without a rebound.
4:04 of 3rd period - Michael Nylander wins face-off versus Jarod Palmer in Princes zone.
4:04 of 3rd period - Minor Penalty to Mathieu Carle for Slashing.
4:05 of 3rd period - Pasi Salonen wins face-off versus Michael Nylander in National zone.
4:14 of 3rd period - Wrist shot by Rico Fata.
4:14 of 3rd period - Shot Misses the Net.
5:01 of 3rd period - Ty Wishart is hit by Ryan Hollweg and loses puck.
5:54 of 3rd period - Snap shot by Philip DeSimone.
5:54 of 3rd period - Shot Misses the Net.
6:04 of 3rd period - Penalty to Mathieu Carle is over, Mathieu Carle is back on ice.
6:55 of 3rd period - Jason Strudwick is hit by Igor Makarov and loses puck.
7:20 of 3rd period - Jonathan Cheechoo is hit by Michael Nylander and loses puck.
7:53 of 3rd period - Maksim Mayorov is hit by Boyd Gordon.
8:05 of 3rd period - Pasi Salonen is hit by Jason Strudwick.
8:47 of 3rd period - Jarod Palmer is hit by Michael Haley and loses puck.
9:10 of 3rd period - Alex Grant is hit by Patric Hornqvist and loses puck.
10:35 of 3rd period - James Marcou is hit by P.J. Axelsson and loses puck.
10:40 of 3rd period - Wrist shot by John Madden.
10:40 of 3rd period - Stopped by Steve Shields with a rebound.
11:16 of 3rd period - Snap shot by Michael Nylander.
11:16 of 3rd period - Shot Misses the Net.
11:38 of 3rd period - Wrist shot by Boyd Gordon.
11:38 of 3rd period - Shot Blocked by Cédric Lalonde-McNicoll.
11:54 of 3rd period - Slapshot by Noah Welch.
11:54 of 3rd period - Stopped by Steve Shields with a rebound.
11:56 of 3rd period - Wrist shot by Michael Haley.
11:56 of 3rd period - Deflect By Pasi Salonen.
11:56 of 3rd period - Stopped by Steve Shields with a rebound.
11:58 of 3rd period - Slapshot by Noah Welch.
11:58 of 3rd period - Shot Misses the Net.
12:00 of 3rd period - Wrist shot by Michael Haley.
12:00 of 3rd period - Stopped by Steve Shields without a rebound.
12:01 of 3rd period - Michael Nylander wins face-off versus Igor Makarov in National zone.
12:06 of 3rd period - Slapshot by Michael Nylander.
12:06 of 3rd period - Stopped by Steve Shields without a rebound.
12:07 of 3rd period - Michael Nylander wins face-off versus Ben Maxwell in National zone.
12:24 of 3rd period - Icing by Daniel Rahimi.
12:25 of 3rd period - Ben Maxwell wins face-off versus Boyd Gordon in National zone.
13:00 of 3rd period - Snap shot by Jarod Palmer.
13:00 of 3rd period - Stopped by Jonathan Bernier with a rebound.
13:31 of 3rd period - Brian McGrattan is hit by William Colbert and loses puck.
13:46 of 3rd period - Snap shot by Pasi Salonen.
13:46 of 3rd period - Shot Misses the Net.
13:52 of 3rd period - Wrist shot by Jason Strudwick.
13:52 of 3rd period - Stopped by Steve Shields with a rebound.
14:10 of 3rd period - Backhand shot by Michael Nylander.
14:10 of 3rd period - Stopped by Steve Shields with a rebound.
14:12 of 3rd period - Slapshot by Kevin Shattenkirk.
14:12 of 3rd period - Stopped by Steve Shields with a rebound.
14:14 of 3rd period - Snap shot by Patric Hornqvist.
14:14 of 3rd period - Deflect By Ryan Hollweg.
14:14 of 3rd period - Stopped by Steve Shields with a rebound.
14:16 of 3rd period - Slapshot by Ryan Hollweg.
14:16 of 3rd period - Deflect By Patric Hornqvist.
14:16 of 3rd period - Goal by Patric Hornqvist - Princes : 6 - National : 3.
14:17 of 3rd period - Boyd Gordon wins face-off versus Jarod Palmer in neutral zone.
14:44 of 3rd period - Wrist shot by John Madden.
14:44 of 3rd period - Shot Misses the Net.
14:50 of 3rd period - Wrist shot by Pasi Salonen.
14:50 of 3rd period - Shot Blocked by Nate Prosser.
14:52 of 3rd period - Snap shot by Pasi Salonen.
14:52 of 3rd period - Stopped by Jonathan Bernier with a rebound.
14:54 of 3rd period - Wrist shot by Mathieu Carle.
14:54 of 3rd period - Shot Misses the Net.
15:26 of 3rd period - Snap shot by Pasi Salonen.
15:26 of 3rd period - Stopped by Jonathan Bernier without a rebound.
15:27 of 3rd period - Michael Nylander wins face-off versus Cédric Lalonde-McNicoll in Princes zone.
15:27 of 3rd period - Michael Nylander is hit by Guillaume Desbiens.
17:44 of 3rd period - Icing by Dustin Kohn.
17:45 of 3rd period - Jonathan Cheechoo wins face-off versus Michael Nylander in National zone.
17:58 of 3rd period - Wrist shot by Sean Zimmerman.
17:58 of 3rd period - Stopped by Steve Shields with a rebound.
18:00 of 3rd period - Snap shot by Mason Raymond.
18:00 of 3rd period - Shot Blocked by William Colbert.
18:02 of 3rd period - Snap shot by Brian McGrattan.
18:02 of 3rd period - Deflect By Mathieu Carle.
18:02 of 3rd period - Shot Misses the Net.
18:02 of 3rd period - Puck is out of play.
18:03 of 3rd period - Boyd Gordon wins face-off versus Jarod Palmer in National zone.
18:10 of 3rd period - Snap shot by Mason Raymond.
18:10 of 3rd period - Goal by Mason Raymond - Princes : 7 - National : 3.
18:11 of 3rd period - Jarod Palmer wins face-off versus Michael Nylander in neutral zone.
19:28 of 3rd period - Wrist shot by Jonathan Cheechoo.
19:28 of 3rd period - Stopped by Jonathan Bernier with a rebound.
19:38 of 3rd period - Jonathan Tremblay is hit by Guillaume Desbiens and loses puck.
19:50 of 3rd period - Off-side.
19:51 of 3rd period - Michael Nylander wins face-off versus Philip DeSimone in neutral zone.


Output by the SimonT Hockey Simulator (STHS) for François Prévost -- Original Page W3C XHTML 1.0 Valid
Hockey Simulator - Hockey Simulation - Hockey Manager